Workbook

Sheet Sheet1
A1: Item No. | B1: Device Type | C1: Unit Cost | D1: Unit Sales Price | E1: Average Units On Hand | F1: Average Unit Sales/Year | G1: Cost of average inventory | H1: Annual sales | I1: Cost of goods sold | J1: Annual gross profit | K1: Inventory turnover | L1: Days in inventory | M1: Management to review | N1: Discount | O1: Competitor
A2: Z115 | B2: HP Ultrabook | C2: 1017 | D2: 1300 | E2: 275 | F2: 201 | G2: =PRODUCT(C2,E2) -> 279675 | H2: =PRODUCT(D2,F2) -> 261300 | I2: =PRODUCT(C2,F2) -> 204417 | J2: =SUM(H2,-I2) -> 56883 | K2: =I2/G2 -> 0.73090909 | L2: =365/K2 -> 499.37811 | M2: =IF(Sheet1!$L2>=200,"Review","No review") -> Review | N2: =VLOOKUP(MID(Sheet1!$B2,1,FIND(" ",Sheet1!$B2)-1),Table2[],2,FALSE)*Sheet1!$D2 -> 39 | O2: =MID(B2,1,FIND(" ",B2)-1) -> HP
A3: T212 | B3: HP Notebook | C3: 900 | D3: 1000 | E3: 300 | F3: 278 | G3: =PRODUCT(C3,E3) -> 270000 | H3: =PRODUCT(D3,F3) -> 278000 | I3: =PRODUCT(C3,F3) -> 250200 | J3: =SUM(H3,-I3) -> 27800 | K3: =I3/G3 -> 0.92666667 | L3: =365/K3 -> 393.88489 | M3: =IF(Sheet1!$L3>=200,"Review","No review") -> Review | N3: =VLOOKUP(MID(Sheet1!$B3,1,FIND(" ",Sheet1!$B3)-1),Table2[],2,FALSE)*Sheet1!$D3 -> 30 | O3: =MID(B3,1,FIND(" ",B3)-1) -> HP
A4: T213 | B4: HP Laptop | C4: 800 | D4: 900 | E4: 2 | F4: 2 | G4: =PRODUCT(C4,E4) -> 1600 | H4: =PRODUCT(D4,F4) -> 1800 | I4: =PRODUCT(C4,F4) -> 1600 | J4: =SUM(H4,-I4) -> 200 | K4: =I4/G4 -> 1 | L4: =365/K4 -> 365 | M4: =IF(Sheet1!$L4>=200,"Review","No review") -> Review | N4: =VLOOKUP(MID(Sheet1!$B4,1,FIND(" ",Sheet1!$B4)-1),Table2[],2,FALSE)*Sheet1!$D4 -> 27 | O4: =MID(B4,1,FIND(" ",B4)-1) -> HP
A5: T214 | B5: Sony Vaio | C5: 650 | D5: 800 | E5: 72 | F5: 75 | G5: =PRODUCT(C5,E5) -> 46800 | H5: =PRODUCT(D5,F5) -> 60000 | I5: =PRODUCT(C5,F5) -> 48750 | J5: =SUM(H5,-I5) -> 11250 | K5: =I5/G5 -> 1.0416667 | L5: =365/K5 -> 350.4 | M5: =IF(Sheet1!$L5>=200,"Review","No review") -> Review | N5: =VLOOKUP(MID(Sheet1!$B5,1,FIND(" ",Sheet1!$B5)-1),Table2[],2,FALSE)*Sheet1!$D5 -> 40 | O5: =MID(B5,1,FIND(" ",B5)-1) -> Sony
A6: T215 | B6: Sony Vaio Pro | C6: 750 | D6: 950 | E6: 42 | F6: 75 | G6: =PRODUCT(C6,E6) -> 31500 | H6: =PRODUCT(D6,F6) -> 71250 | I6: =PRODUCT(C6,F6) -> 56250 | J6: =SUM(H6,-I6) -> 15000 | K6: =I6/G6 -> 1.7857143 | L6: =365/K6 -> 204.4 | M6: =IF(Sheet1!$L6>=200,"Review","No review") -> Review | N6: =VLOOKUP(MID(Sheet1!$B6,1,FIND(" ",Sheet1!$B6)-1),Table2[],2,FALSE)*Sheet1!$D6 -> 47.5 | O6: =MID(B6,1,FIND(" ",B6)-1) -> Sony
A7: T216 | B7: Sony Vaio Tap | C7: 1000 | D7: 1100 | E7: 75 | F7: 136 | G7: =PRODUCT(C7,E7) -> 75000 | H7: =PRODUCT(D7,F7) -> 149600 | I7: =PRODUCT(C7,F7) -> 136000 | J7: =SUM(H7,-I7) -> 13600 | K7: =I7/G7 -> 1.8133333 | L7: =365/K7 -> 201.28676 | M7: =IF(Sheet1!$L7>=200,"Review","No review") -> Review | N7: =VLOOKUP(MID(Sheet1!$B7,1,FIND(" ",Sheet1!$B7)-1),Table2[],2,FALSE)*Sheet1!$D7 -> 55 | O7: =MID(B7,1,FIND(" ",B7)-1) -> Sony
A8: T217 | B8: Apple iPad Air | C8: 400 | D8: 489 | E8: 71 | F8: 144 | G8: =PRODUCT(C8,E8) -> 28400 | H8: =PRODUCT(D8,F8) -> 70416 | I8: =PRODUCT(C8,F8) -> 57600 | J8: =SUM(H8,-I8) -> 12816 | K8: =I8/G8 -> 2.028169 | L8: =365/K8 -> 179.96528 | M8: =IF(Sheet1!$L8>=200,"Review","No review") -> No review | N8: =VLOOKUP(MID(Sheet1!$B8,1,FIND(" ",Sheet1!$B8)-1),Table2[],2,FALSE)*Sheet1!$D8 -> 9.78 | O8: =MID(B8,1,FIND(" ",B8)-1) -> Apple
A9: B1021 | B9: Apple iPad Mini | C9: 250 | D9: 299 | E9: 32 | F9: 65 | G9: =PRODUCT(C9,E9) -> 8000 | H9: =PRODUCT(D9,F9) -> 19435 | I9: =PRODUCT(C9,F9) -> 16250 | J9: =SUM(H9,-I9) -> 3185 | K9: =I9/G9 -> 2.03125 | L9: =365/K9 -> 179.69231 | M9: =IF(Sheet1!$L9>=200,"Review","No review") -> No review | N9: =VLOOKUP(MID(Sheet1!$B9,1,FIND(" ",Sheet1!$B9)-1),Table2[],2,FALSE)*Sheet1!$D9 -> 5.98 | O9: =MID(B9,1,FIND(" ",B9)-1) -> Apple
A10: B1022 | B10: Apple iPad 2 | C10: 340 | D10: 389 | E10: 80 | F10: 175 | G10: =PRODUCT(C10,E10) -> 27200 | H10: =PRODUCT(D10,F10) -> 68075 | I10: =PRODUCT(C10,F10) -> 59500 | J10: =SUM(H10,-I10) -> 8575 | K10: =I10/G10 -> 2.1875 | L10: =365/K10 -> 166.85714 | M10: =IF(Sheet1!$L10>=200,"Review","No review") -> No review | N10: =VLOOKUP(MID(Sheet1!$B10,1,FIND(" ",Sheet1!$B10)-1),Table2[],2,FALSE)*Sheet1!$D10 -> 7.78 | O10: =MID(B10,1,FIND(" ",B10)-1) -> Apple
A11: B1023 | B11: Galaxy Tab 1 | C11: 200 | D11: 220 | E11: 80 | F11: 200 | G11: =PRODUCT(C11,E11) -> 16000 | H11: =PRODUCT(D11,F11) -> 44000 | I11: =PRODUCT(C11,F11) -> 40000 | J11: =SUM(H11,-I11) -> 4000 | K11: =I11/G11 -> 2.5 | L11: =365/K11 -> 146 | M11: =IF(Sheet1!$L11>=200,"Review","No review") -> No review | N11: =VLOOKUP(MID(Sheet1!$B11,1,FIND(" ",Sheet1!$B11)-1),Table2[],2,FALSE)*Sheet1!$D11 -> 8.8 | O11: =MID(B11,1,FIND(" ",B11)-1) -> Galaxy
A12: P2421 | B12: Galaxy Tab 2 | C12: 207 | D12: 260 | E12: 14 | F12: 35 | G12: =PRODUCT(C12,E12) -> 2898 | H12: =PRODUCT(D12,F12) -> 9100 | I12: =PRODUCT(C12,F12) -> 7245 | J12: =SUM(H12,-I12) -> 1855 | K12: =I12/G12 -> 2.5 | L12: =365/K12 -> 146 | M12: =IF(Sheet1!$L12>=200,"Review","No review") -> No review | N12: =VLOOKUP(MID(Sheet1!$B12,1,FIND(" ",Sheet1!$B12)-1),Table2[],2,FALSE)*Sheet1!$D12 -> 10.4 | O12: =MID(B12,1,FIND(" ",B12)-1) -> Galaxy
A13: P2422 | B13: Galaxy Tab 3 | C13: 300 | D13: 360 | E13: 10 | F13: 25 | G13: =PRODUCT(C13,E13) -> 3000 | H13: =PRODUCT(D13,F13) -> 9000 | I13: =PRODUCT(C13,F13) -> 7500 | J13: =SUM(H13,-I13) -> 1500 | K13: =I13/G13 -> 2.5 | L13: =365/K13 -> 146 | M13: =IF(Sheet1!$L13>=200,"Review","No review") -> No review | N13: =VLOOKUP(MID(Sheet1!$B13,1,FIND(" ",Sheet1!$B13)-1),Table2[],2,FALSE)*Sheet1!$D13 -> 14.4 | O13: =MID(B13,1,FIND(" ",B13)-1) -> Galaxy
... A29: H2128 | B29: Acer Laptop | C29: 250 | D29: 325 | E29: 10 | F29: 67 | G29: =PRODUCT(C29,E29) -> 2500 | H29: =PRODUCT(D29,F29) -> 21775 | I29: =PRODUCT(C29,F29) -> 16750 | J29: =SUM(H29,-I29) -> 5025 | K29: =I29/G29 -> 6.7 | L29: =365/K29 -> 54.477612 | M29: =IF(Sheet1!$L29>=200,"Review","No review") -> No review | N29: =VLOOKUP(MID(Sheet1!$B29,1,FIND(" ",Sheet1!$B29)-1),Table2[],2,FALSE)*Sheet1!$D29 -> 32.5 | O29: =MID(B29,1,FIND(" ",B29)-1) -> Acer
B35: Column1 | C35: Column2 | D35: Review | E35: No review
B36: Acer | C36: 0.1 | D36: =SUMIFS($E$2:$E$29,$O$2:$O$29,Table2[[#This Row],[Column1]],$M$2:$M$29,Table2[[#Headers],[Review]]) -> 0 | E36: =SUMIFS($E$2:$E$29,$O$2:$O$29,Table2[[#This Row],[Column1]],$M$2:$M$29,Table2[[#Headers],[No review]]) -> 105
B37: Dell | C37: 0.07 | D37: =SUMIFS($E$2:$E$29,$O$2:$O$29,Table2[[#This Row],[Column1]],$M$2:$M$29,Table2[[#Headers],[Review]]) -> 300 | E37: =SUMIFS($E$2:$E$29,$O$2:$O$29,Table2[[#This Row],[Column1]],$M$2:$M$29,Table2[[#Headers],[No review]]) -> 252
B38: Apple | C38: 0.02 | D38: =SUMIFS($E$2:$E$29,$O$2:$O$29,Table2[[#This Row],[Column1]],$M$2:$M$29,Table2[[#Headers],[Review]]) -> 230 | E38: =SUMIFS($E$2:$E$29,$O$2:$O$29,Table2[[#This Row],[Column1]],$M$2:$M$29,Table2[[#Headers],[No review]]) -> 369
B39: HP | C39: 0.03 | D39: =SUMIFS($E$2:$E$29,$O$2:$O$29,Table2[[#This Row],[Column1]],$M$2:$M$29,Table2[[#Headers],[Review]]) -> 814 | E39: =SUMIFS($E$2:$E$29,$O$2:$O$29,Table2[[#This Row],[Column1]],$M$2:$M$29,Table2[[#Headers],[No review]]) -> 12
B40: Sony | C40: 0.05 | D40: =SUMIFS($E$2:$E$29,$O$2:$O$29,Table2[[#This Row],[Column1]],$M$2:$M$29,Table2[[#Headers],[Review]]) -> 189 | E40: =SUMIFS($E$2:$E$29,$O$2:$O$29,Table2[[#This Row],[Column1]],$M$2:$M$29,Table2[[#Headers],[No review]]) -> 0
B41: Galaxy | C41: 0.04 | D41: =SUMIFS($E$2:$E$29,$O$2:$O$29,Table2[[#This Row],[Column1]],$M$2:$M$29,Table2[[#Headers],[Review]]) -> 0 | E41: =SUMIFS($E$2:$E$29,$O$2:$O$29,Table2[[#This Row],[Column1]],$M$2:$M$29,Table2[[#Headers],[No review]]) -> 104
D43: =SUM(Table2[Review]) -> 1533 | E43: =SUM(Table2[No review]) -> 842 | F43: =D43+E43=SUM(E2:E29) -> TRUE
D45: somme.si.ens = countifs en anglais!!!

Sheet Sheet2

Sheet Sheet3
D2: Cost of average inventory | E2: Annual sales
B3: Average | C3: 1 | D3: =_xlfn.AGGREGATE(C3,6,Sheet1!$G$2:$G$29) -> 55278.607 | E3: =_xlfn.AGGREGATE(C3,6,Sheet1!$H$2:$H$29) -> 102991.43
B4: Minimum | C4: 5 | D4: =_xlfn.AGGREGATE(C4,6,Sheet1!$G$2:$G$29) -> 1600 | E4: =_xlfn.AGGREGATE(C4,6,Sheet1!$H$2:$H$29) -> 1800 | F4: voir fonction 'Agregat'
B5: Maximum | C5: 4 | D5: =_xlfn.AGGREGATE(C5,6,Sheet1!$G$2:$G$29) -> 279675 | E5: =_xlfn.AGGREGATE(C5,6,Sheet1!$H$2:$H$29) -> 377500
B6: Total | C6: 9 | D6: =_xlfn.AGGREGATE(C6,6,Sheet1!$G$2:$G$29) -> 1547801 | E6: =_xlfn.AGGREGATE(C6,6,Sheet1!$H$2:$H$29) -> 2883760
D9: Top 10 sellers
B10: {=INDEX(Sheet1!$A$2:$A$29,MATCH(LARGE(Sheet1!$E$2:$E$29+ROW(Sheet1!$E$2:$E$29)^-8,Sheet3!C10),Sheet1!$E$2:$E$29+ROW(Sheet1!$E$2:$E$29)^-8,))} -> T212 | C10: 1 | D10: =_xlfn.AGGREGATE(14,6,Sheet1!$E$2:$E$29,C10) -> 300
B11: {=INDEX(Sheet1!$A$2:$A$29,MATCH(LARGE(Sheet1!$E$2:$E$29+ROW(Sheet1!$E$2:$E$29)^-8,Sheet3!C11),Sheet1!$E$2:$E$29+ROW(Sheet1!$E$2:$E$29)^-8,))} -> P2424 | C11: 2 | D11: =_xlfn.AGGREGATE(14,6,Sheet1!$E$2:$E$29,C11) -> 300
B12: {=INDEX(Sheet1!$A$2:$A$29,MATCH(LARGE(Sheet1!$E$2:$E$29+ROW(Sheet1!$E$2:$E$29)^-8,Sheet3!C12),Sheet1!$E$2:$E$29+ROW(Sheet1!$E$2:$E$29)^-8,))} -> Z115 | C12: 3 | D12: =_xlfn.AGGREGATE(14,6,Sheet1!$E$2:$E$29,C12) -> 275
B13: {=INDEX(Sheet1!$A$2:$A$29,MATCH(LARGE(Sheet1!$E$2:$E$29+ROW(Sheet1!$E$2:$E$29)^-8,Sheet3!C13),Sheet1!$E$2:$E$29+ROW(Sheet1!$E$2:$E$29)^-8,))} -> C5123 | C13: 4 | D13: =_xlfn.AGGREGATE(14,6,Sheet1!$E$2:$E$29,C13) -> 237
B14: {=INDEX(Sheet1!$A$2:$A$29,MATCH(LARGE(Sheet1!$E$2:$E$29+ROW(Sheet1!$E$2:$E$29)^-8,Sheet3!C14),Sheet1!$E$2:$E$29+ROW(Sheet1!$E$2:$E$29)^-8,))} -> C5126 | C14: 5 | D14: =_xlfn.AGGREGATE(14,6,Sheet1!$E$2:$E$29,C14) -> 230
B15: {=INDEX(Sheet1!$A$2:$A$29,MATCH(LARGE(Sheet1!$E$2:$E$29+ROW(Sheet1!$E$2:$E$29)^-8,Sheet3!C15),Sheet1!$E$2:$E$29+ROW(Sheet1!$E$2:$E$29)^-8,))} -> C5121 | C15: 6 | D15: =_xlfn.AGGREGATE(14,6,Sheet1!$E$2:$E$29,C15) -> 114
B16: {=INDEX(Sheet1!$A$2:$A$29,MATCH(LARGE(Sheet1!$E$2:$E$29+ROW(Sheet1!$E$2:$E$29)^-8,Sheet3!C16),Sheet1!$E$2:$E$29+ROW(Sheet1!$E$2:$E$29)^-8,))} -> B1022 | C16: 7 | D16: =_xlfn.AGGREGATE(14,6,Sheet1!$E$2:$E$29,C16) -> 80
B17: {=INDEX(Sheet1!$A$2:$A$29,MATCH(LARGE(Sheet1!$E$2:$E$29+ROW(Sheet1!$E$2:$E$29)^-8,Sheet3!C17),Sheet1!$E$2:$E$29+ROW(Sheet1!$E$2:$E$29)^-8,))} -> B1023 | C17: 8 | D17: =_xlfn.AGGREGATE(14,6,Sheet1!$E$2:$E$29,C17) -> 80
B18: {=INDEX(Sheet1!$A$2:$A$29,MATCH(LARGE(Sheet1!$E$2:$E$29+ROW(Sheet1!$E$2:$E$29)^-8,Sheet3!C18),Sheet1!$E$2:$E$29+ROW(Sheet1!$E$2:$E$29)^-8,))} -> C5127 | C18: 9 | D18: =_xlfn.AGGREGATE(14,6,Sheet1!$E$2:$E$29,C18) -> 80
B19: {=INDEX(Sheet1!$A$2:$A$29,MATCH(LARGE(Sheet1!$E$2:$E$29+ROW(Sheet1!$E$2:$E$29)^-8,Sheet3!C19),Sheet1!$E$2:$E$29+ROW(Sheet1!$E$2:$E$29)^-8,))} -> T216 | C19: 10 | D19: =_xlfn.AGGREGATE(14,6,Sheet1!$E$2:$E$29,C19) -> 75
D23: Flop 10 sellers
B24: {=INDEX(Sheet1!$A$2:$A$29,MATCH(SMALL(Sheet1!$E$2:$E$29+ROW(Sheet1!$E$2:$E$29)^-8,Sheet3!C24),Sheet1!$E$2:$E$29+ROW(Sheet1!$E$2:$E$29)^-8,))} -> T213 | C24: 1 | D24: =_xlfn.AGGREGATE(15,6,Sheet1!$E$2:$E$29,C24) -> 2
B25: {=INDEX(Sheet1!$A$2:$A$29,MATCH(SMALL(Sheet1!$E$2:$E$29+ROW(Sheet1!$E$2:$E$29)^-8,Sheet3!C25),Sheet1!$E$2:$E$29+ROW(Sheet1!$E$2:$E$29)^-8,))} -> H2128 | C25: 2 | D25: =_xlfn.AGGREGATE(15,6,Sheet1!$E$2:$E$29,C25) -> 10
B26: {=INDEX(Sheet1!$A$2:$A$29,MATCH(SMALL(Sheet1!$E$2:$E$29+ROW(Sheet1!$E$2:$E$29)^-8,Sheet3!C26),Sheet1!$E$2:$E$29+ROW(Sheet1!$E$2:$E$29)^-8,))} -> P2422 | C26: 3 | D26: =_xlfn.AGGREGATE(15,6,Sheet1!$E$2:$E$29,C26) -> 10
B27: {=INDEX(Sheet1!$A$2:$A$29,MATCH(SMALL(Sheet1!$E$2:$E$29+ROW(Sheet1!$E$2:$E$29)^-8,Sheet3!C27),Sheet1!$E$2:$E$29+ROW(Sheet1!$E$2:$E$29)^-8,))} -> T5212 | C27: 4 | D27: =_xlfn.AGGREGATE(15,6,Sheet1!$E$2:$E$29,C27) -> 12
B28: {=INDEX(Sheet1!$A$2:$A$29,MATCH(SMALL(Sheet1!$E$2:$E$29+ROW(Sheet1!$E$2:$E$29)^-8,Sheet3!C28),Sheet1!$E$2:$E$29+ROW(Sheet1!$E$2:$E$29)^-8,))} -> C5124 | C28: 5 | D28: =_xlfn.AGGREGATE(15,6,Sheet1!$E$2:$E$29,C28) -> 12
B29: {=INDEX(Sheet1!$A$2:$A$29,MATCH(SMALL(Sheet1!$E$2:$E$29+ROW(Sheet1!$E$2:$E$29)^-8,Sheet3!C29),Sheet1!$E$2:$E$29+ROW(Sheet1!$E$2:$E$29)^-8,))} -> P2421 | C29: 6 | D29: =_xlfn.AGGREGATE(15,6,Sheet1!$E$2:$E$29,C29) -> 14
B30: {=INDEX(Sheet1!$A$2:$A$29,MATCH(SMALL(Sheet1!$E$2:$E$29+ROW(Sheet1!$E$2:$E$29)^-8,Sheet3!C30),Sheet1!$E$2:$E$29+ROW(Sheet1!$E$2:$E$29)^-8,))} -> P2423 | C30: 7 | D30: =_xlfn.AGGREGATE(15,6,Sheet1!$E$2:$E$29,C30) -> 15
B31: {=INDEX(Sheet1!$A$2:$A$29,MATCH(SMALL(Sheet1!$E$2:$E$29+ROW(Sheet1!$E$2:$E$29)^-8,Sheet3!C31),Sheet1!$E$2:$E$29+ROW(Sheet1!$E$2:$E$29)^-8,))} -> T5215 | C31: 8 | D31: =_xlfn.AGGREGATE(15,6,Sheet1!$E$2:$E$29,C31) -> 20
B32: {=INDEX(Sheet1!$A$2:$A$29,MATCH(SMALL(Sheet1!$E$2:$E$29+ROW(Sheet1!$E$2:$E$29)^-8,Sheet3!C32),Sheet1!$E$2:$E$29+ROW(Sheet1!$E$2:$E$29)^-8,))} -> T5216 | C32: 9 | D32: =_xlfn.AGGREGATE(15,6,Sheet1!$E$2:$E$29,C32) -> 25
B33: {=INDEX(Sheet1!$A$2:$A$29,MATCH(SMALL(Sheet1!$E$2:$E$29+ROW(Sheet1!$E$2:$E$29)^-8,Sheet3!C33),Sheet1!$E$2:$E$29+ROW(Sheet1!$E$2:$E$29)^-8,))} -> B1021 | C33: 10 | D33: =_xlfn.AGGREGATE(15,6,Sheet1!$E$2:$E$29,C33) -> 32
